 Dungeon Crawl Stone Soup version 0.31.0-11-ge490571c62 (webtiles) character file.

Game seed: 2272463451390709318

1198 Curundu the Cleaver (level 8, 0/70 HPs)
             Began as a Minotaur Berserker on Feb 1, 2024.
             Was a Believer of Trog.
             Slain by a howler monkey (4 damage)
             ... on level 7 of the Dungeon.
             The game lasted 00:13:00 (4636 turns).

Curundu the Cleaver (Minotaur Berserker)            Turns: 4636, Time: 00:13:01

Health: 0/70       AC:  6    Str: 24    XL:     8   Next: 20%
Magic:  7/7        EV:  8    Int:  4    God:    Trog [**....]
Gold:   327        SH:  0    Dex: 10    Spells: 7/7 levels left

rFire   . . .        a - +0 hand axe
rCold   . . .        (no shield)
rNeg    . . .        f - +0 plate armour
rPois   +            (helmet restricted)
rElec   .            (no cloak)
rCorr   .            h - +0 pair of gloves
SInv    +            (no boots)
Will    ++...        (no amulet) Stlth
                     q - ring of poison resistance
HPRegen 1.31/turn    x - ring of see invisible
MPRegen 0.10/turn

%: no passive effects
@: about to teleport, strong-willed, corroded, regenerating
A: horns 2, retaliatory headbutt
a: Renounce Religion, Berserk, Trog's Hand


You were on level 7 of the Dungeon.
You worshipped Trog.
Trog was pleased with you.
You visited 1 branch of the dungeon, and saw 7 of its levels.

You collected 327 gold pieces.

Inventory:

Hand Weapons
 a - a +0 hand axe (weapon)
Armour
 f - a +0 plate armour (worn)
 h - a +0 pair of gloves (worn)
Jewellery
 q - a ring of poison resistance (left hand)
 w - a +6 ring of dexterity
 x - a ring of see invisible (right hand)
Wands
 n - a wand of polymorph (10)
 s - a wand of flame (21)
Scrolls
 d - 3 scrolls of teleportation
 i - a scroll of enchant weapon {unknown}
 k - 6 scrolls of identify {unknown}
 m - a scroll of fear {unknown}
 o - a scroll of fog {unknown}
 t - a scroll of amnesia {unknown}
 v - a scroll of blinking {unknown}
 y - a scroll of enchant armour {unknown}
Potions
 b - 2 potions of attraction {unknown}
 c - a potion of invisibility {unknown}
 e - 3 potions of mutation {unknown}
 g - a potion of enlightenment {unknown}
 j - 3 potions of curing {unknown}
 l - a potion of magic {unknown}
 p - a potion of might {unknown}
 r - a potion of resistance {unknown}
 u - a potion of ambrosia {unknown}


   Skills:
 + Level 6.1 Fighting
 + Level 9.2 Axes
 + Level 6.2 Armour
 + Level 3.3 Dodging
 + Level 0.4 Stealth


You had 7 spell levels left.
You didn't know any spells.
Your spell library was empty.

Dungeon Overview and Level Annotations

Branches:
Dungeon (7/15)             Temple (0/1) D:5

Altars:


Innate Abilities, Weirdness & Mutations

You have a pair of horns on your head.
You reflexively headbutt those who attack you in melee.


Message History

You hit the orc priest but do no damage.
The orc priest is lightly wounded.
You hit the jelly. The acid corrodes you!
Your hands burn!
You hit the howler monkey but do no damage.
You hit the orc warrior but do no damage.
You hit the killer bee. You hit the orc. You closely miss the killer bee.
The killer bee barely misses you.
The killer bee stings you but does no damage.
The orc hits you with a +1 heavy war axe!
The killer bee closely misses you. The killer bee barely misses you.
The orc priest hits you but does no damage.
The jelly hits you. The acid corrodes you!
You are splashed with acid!
The orc warrior hits you with a +0 flail.
As you read the scroll labelled ACZAUM VEWILL, it crumbles to dust.
You feel strangely unstable.
It was a scroll of teleportation.
The killer bee barely misses you. You furiously retaliate!
You headbutt the killer bee. The killer bee barely misses you.
The howler monkey hits you.
* * * LOW HITPOINT WARNING * * *
A bullfrog comes into view.
The killer bee stings you but does no damage.
The killer bee closely misses you. The orc closely misses you.
You furiously retaliate!
You headbutt the orc, but do no damage. The orc priest barely misses you.
The howler monkey hits you but does no damage.
The jelly barely misses you. You furiously retaliate!
You headbutt the jelly.
The orc warrior hits you with a +0 flail!
* * * LOW HITPOINT WARNING * * *
You hit the jelly.
Your hands burn!
* * * LOW HITPOINT WARNING * * *
You headbutt the jelly.
The jelly is almost dead.
You closely miss the killer bee. You completely miss the orc.
You hit the killer bee but do no damage.
You hit the orc priest but do no damage.
You closely miss the howler monkey.
You hit the orc warrior but do no damage.
The killer bee stings you but does no damage. x2
The howler monkey hits you.
You die...

...(..........
.............
............
......$....
......y...##
.....yyy#..#
.F..yyhoo..# ..
.....#o@J..#...
.....#yy.......
#.....$.........
##....#.##......
....<.#........
#.......##...##
#........##.##
.............#
#(...........##


You could see an orc warrior, a bullfrog, a howler monkey, a jelly, 8 killer
bees, an orc priest and an orc.

Vanquished Creatures
  Eustachio (D:6)
  A water moccasin (D:6)
  An ice beast (D:5)
  An ogre (D:6)
  3 scorpions (D:5)
  A howler monkey (D:7)
  2 bombardier beetles
  3 hounds
  2 orc priests (D:6)
  Jessica (D:2)
  An iguana (D:6)
  Natasha (thrice) (D:2)
  3 gnolls (D:5)
  9 adders
  2 white imps
  3 ribbon worms
  3 dart slugs
  10 orcs
  9 ball pythons
  9 endoplasms
  2 giant cockroaches
  8 goblins
  4 hobgoblins
  4 jackals (D:2)
  5 quokkas
  7 bats
  4 frilled lizards
  A kobold (D:1)
  3 rats
106 creatures vanquished.

Notes
Turn   | Place    | Note
-------+----------+-------------------------------------------
     0 | D:1      | Curundu the Minotaur Berserker began the quest for the Orb.
     0 | D:1      | Reached XP level 1. HP: 19/19 MP: 0/0
   173 | D:1      | Reached XP level 2. HP: 27/27 MP: 1/1
   197 | D:1      | Reached skill level 4 in Axes
   484 | D:1      | Reached XP level 3. HP: 33/33 MP: 2/2
   585 | D:2      | Reached ** piety under Trog
   614 | D:2      | Noticed Natasha
   619 | D:2      | Killed Natasha
   647 | D:2      | Reached XP level 4. HP: 41/41 MP: 3/3
   821 | D:2      | Noticed Jessica
   829 | D:2      | Killed Jessica
   830 | D:2      | Reached skill level 5 in Axes
   835 | D:2      | Noticed Natasha
   852 | D:2      | Killed Natasha
   853 | D:2      | Reached XP level 5. HP: 33/47 MP: 4/4
   995 | D:2      | Noticed Natasha
  1002 | D:2      | Killed Natasha
  1691 | D:3      | Reached skill level 5 in Fighting
  2007 | D:4      | Reached skill level 6 in Axes
  2514 | D:4      | Reached XP level 6. HP: 56/56 MP: 5/5
  2655 | D:5      | Entered Level 5 of the Dungeon
  2687 | D:5      | Noticed an ice beast
  2693 | D:5      | Killed an ice beast
  2935 | D:5      | Reached skill level 7 in Axes
  2937 | D:5      | Found a staircase to the Ecumenical Temple.
  2947 | D:5      | Reached XP level 7. HP: 55/61 MP: 6/6
  3138 | D:5      | Reached skill level 5 in Armour
  3154 | D:5      | Reached *** piety under Trog
  3502 | D:6      | Reached skill level 8 in Axes
  4108 | D:6      | Noticed Eustachio
  4115 | D:6      | Reached XP level 8. HP: 70/70 MP: 7/7
  4142 | D:6      | Killed Eustachio
  4143 | D:6      | Reached skill level 9 in Axes
  4636 | D:7      | HP: 3/70 [acid (3)]
  4636 | D:7      | Slain by a howler monkey

Illustrated notes

Levels and vault maps discovered:
D:1:      grunt_arrival_lava_bath, layout_rooms, amcnicky_mini_pool_small
D:2:      layout_rooms, uniq_natasha, uniq_jessica
D:3:      layout_basic, hex_intersection
D:4:      layout_cave_pods
D:5:      layout_cave_pools, minmay_temple_entry_arrows
D:6:      layout_loops_corners, uniq_eustachio
D:7:      layout_cave_pools, kennysheep_okawaru_gauntlet

Skill      XL: |  1  2  3  4  5  6  7  8 |
---------------+-------------------------+-----
Axes           | 4 5 6 7 8 9 |  9.2
Fighting       | 4 5 6 |  6.1
Armour         | 3 4 5 6 |  6.2
Dodging        | 3 |  3.3
Stealth        | |  0.4

Action                     |  1- 3 |  4- 6 |  7- 9 || total
---------------------------+-------+-------+-------++-------
  Melee: Hand axe          |    38 |   138 |   131 ||   307
         Headbutt          |    10 |    23 |    22 ||    55
         Punch             |       |       |     2 ||     2
 Invoke: Trog's Hand       |       |     2 |     4 ||     6
         Berserk           |       |       |     1 ||     1
    Use: Scroll            |       |       |     1 ||     1
 Armour: Animal skin       |    12 |       |       ||    12
         Plate armour      |    33 |   102 |   133 ||   268
  Dodge: Dodged            |    23 |    62 |    68 ||   153
